AoeStats
← WING123456

Arena

508858562Analyzed
4v4 RM · 9d ago on Sep 24, 2026· 54m 2s· 8 players
Game mode
Random Map
Map size
Large (8 player)
Population
200
Speed
Normal
Resources
Standard
Victory
Conquest
Starting age
Dark Age
Ending age
Imperial Age
RankedLock teamsTeams togetherTeam positionsShared explorationLock speedFull tech treeHidden civsTurbo modeCheats
Victory
Defeat
🇮🇩 Spanish · Indonesia
1016
+15
🇨🇳 Poles · China
999
+16
🇨🇳 Cumans · China
973
+17
🇨🇴 Khmer · Colombia
937
+18
🇨🇳 Franks · China
1050
-19
🇺🇸 Huns · United States
984
-16
🇩🇪 Bohemians · Germany
980
-21
🇺🇦 Vikings · Ukraine
954
-15
突鸡步兵
11:04 Feudal Age
15:04 Castle Age
13:48 Double-Bit Axe
14:18 Horse Collar
21:34 Bow Saw
24:52 Wheelbarrow
25:16 Heavy Plow
25:24 Gold Mining
25:31 Stone Mining
26:10 Loom
29:10 Imperial Age
27:24 Hand Cart
26:54 Town Watch
27:02 Fletching
27:49 Gold Shaft Mining
27:45 Masonry
28:15 Padded Archer Armor
28:11 Bodkin Arrow
29:31 Leather Archer Armor
29:29 Forging
29:52 Ballistics
29:28 Murder Holes
30:46 Conscription
30:28 Steppe Husbandry
30:47 Squires
31:53 Two-Man Saw
31:25 Crop Rotation
31:27 Ring Archer Armor
31:03 Scale Barding Armor
32:29 Bloodlines
34:23 Chemistry
33:17 Elite Kipchak
34:22 Chain Barding Armor
35:12 Hoardings
35:31 Arson
36:25 Plate Barding Armor
36:25 Iron Casting
37:13 Cuman Mercenaries
38:15 Pikeman
42:02 Thumb Ring
41:19 Elite Skirmisher
44:18 Blast Furnace
43:20 Scale Mail Armor
45:09 Elite Steppe Lancer
47:27 Guilds
47:18 Caravan
48:01 Halberdier
宁静致远
10:52 Feudal Age
13:31 Loom
17:26 Castle Age
16:01 Double-Bit Axe
16:00 Horse Collar
22:07 Heavy Plow
24:03 Wheelbarrow
23:14 Town Watch
26:03 Gold Mining
26:05 Stone Mining
26:34 Bow Saw
30:38 Imperial Age
31:33 Gold Shaft Mining
34:56 Double Crossbow
37:07 Heavy Scorpion
39:07 Hand Cart
41:42 Scale Barding Armor
41:47 Forging
41:02 Light Cavalry
41:53 Bloodlines
41:44 Husbandry
42:56 Hussar
44:31 Chain Barding Armor
44:47 Iron Casting
44:43 Caravan
54:03 Plate Barding Armor
54:29 Blast Furnace
mAjiCode
11:11 Feudal Age
14:40 Castle Age
13:51 Double-Bit Axe
13:52 Horse Collar
22:46 Bow Saw
24:07 Wheelbarrow
25:25 Hand Cart
30:48 Imperial Age
28:05 Loom
31:43 Padded Archer Armor
33:33 Elite Conquistador
36:34 Conscription
40:08 Leather Archer Armor
41:24 Ring Archer Armor
46:13 Husbandry
46:23 Bloodlines
49:00 Fletching
49:35 Ballistics
49:12 Murder Holes
49:28 Fortified Wall
zcy2825309606
10:30 Feudal Age
11:10 Double-Bit Axe
12:32 Horse Collar
14:04 Loom
17:08 Castle Age
15:39 Gold Mining
15:40 Man-at-Arms
16:58 Forging
18:03 Scale Mail Armor
18:44 Bow Saw
20:58 Long Swordsman
22:10 Squires
22:13 Pikeman
24:17 Fortified Wall
24:12 Stone Mining
25:19 Chain Mail Armor
26:39 Wheelbarrow
26:22 Heavy Plow
26:30 Town Watch
27:49 Iron Casting
28:31 Hand Cart
32:27 Imperial Age
31:35 Scale Barding Armor
32:43 Szlachta Privileges
33:18 Ballistics
33:26 Ballistics
34:10 Crop Rotation
34:02 Conscription
34:08 Chain Barding Armor
34:34 Cavalier
35:14 Husbandry
35:25 Bloodlines
36:18 Blast Furnace
36:45 Plate Mail Armor
35:38 Elite Obuch
38:49 Plate Mail Armor
48:25 Heavy Mounted Crossbowman
50:44 Fletching
50:55 Padded Archer Armor
51:24 Bodkin Arrow
53:22 Bracer
Schrobson77
10:37 Feudal Age
17:05 Castle Age
17:15 Double-Bit Axe
18:15 Bow Saw
19:37 Wheelbarrow
20:48 Loom
24:48 Town Watch
26:17 Fletching
27:44 Redemption
28:40 Pikeman
31:53 Imperial Age
31:04 Chemistry
31:40 Hand Cart
31:26 Town Patrol
31:59 Ballistics
33:50 Two-Man Saw
33:41 Bodkin Arrow
33:47 Padded Archer Armor
33:48 Scale Mail Armor
33:11 Halberdier
34:40 Hussite Reforms
35:31 Conscription
35:59 Squires
35:45 Arson
37:21 Chain Mail Armor
37:17 Forging
37:08 Bracer
37:23 Leather Archer Armor
38:33 Siege Engineers
38:39 Masonry
39:24 Elite Hussite Wagon
41:21 Caravan
42:29 Plate Mail Armor
42:35 Iron Casting
42:38 Guard Tower
42:46 Murder Holes
43:22 Architecture
45:24 Wagenburg Tactics
45:57 Houfnice
51:03 Ring Archer Armor
50:06 Heavy Scorpion
WING123456
11:01 Feudal Age
13:04 Double-Bit Axe
15:36 Castle Age
14:15 Fletching
15:37 Loom
15:49 Gold Mining
20:28 Bodkin Arrow
22:10 Padded Archer Armor
25:29 Leather Archer Armor
25:50 Ballistics
29:34 Wheelbarrow
31:46 Imperial Age
31:02 Scale Barding Armor
32:13 Husbandry
33:10 Chain Barding Armor
33:02 Forging
33:12 Cavalier
37:54 Chemistry
Tulak Hord3920
0:28 Loom
10:52 Feudal Age
12:40 Double-Bit Axe
17:44 Horse Collar
22:54 Castle Age
22:23 Town Watch
23:18 Pikeman
26:20 Scale Mail Armor
26:31 Forging
31:00 Wheelbarrow
31:57 Gold Mining
31:58 Stone Mining
33:02 Heavy Plow
35:09 Gold Shaft Mining
35:35 Fletching
41:08 Imperial Age
50:03 Light Cavalry
\mayre/
9:43 Feudal Age
7:59 Loom
10:09 Double-Bit Axe
10:05 Horse Collar
12:38 Arson
15:01 Man-at-Arms
17:15 Forging
17:05 Scale Mail Armor
20:00 Castle Age
17:56 Gold Mining
17:59 Stone Mining
21:48 Iron Casting
21:28 Chain Mail Armor
22:26 Bow Saw
22:42 Heavy Plow
22:28 Long Swordsman
24:26 Squires
24:44 Chain Mail Armor
29:42 Gold Shaft Mining
33:52 Imperial Age
31:08 Town Watch
32:45 Caravan
33:15 Coinage
33:29 Chieftains
33:55 Elite Berserk
35:00 Conscription
35:22 Crop Rotation
36:15 Two-Man Saw
36:22 Blast Furnace
36:08 Plate Mail Armor
37:26 Hoardings
37:43 Town Patrol
46:40 Banking
Connection lost

Rejoining the realm…

Still unreachable

The connection could not be restored.

Session expired

The server has moved on; the page needs a fresh start.